 Dungeon Crawl Stone Soup version 0.30-b1-2-g02819fbbbe (webtiles) character file.

Game seed: 7730429492712962895

1872 Metae the Chopper (level 9, -1/79 HPs)
             Began as a Hill Orc Fighter on June 19, 2023.
             Was a Believer of Okawaru.
             Slain by a two-headed ogre
             ... wielding a +0 giant spiked club
              (25 damage)
             ... on level 8 of the Dungeon.
             The game lasted 00:17:38 (7744 turns).

Metae the Chopper (Hill Orc Fighter)                Turns: 7744, Time: 00:17:39

Health: -1/79      AC: 17    Str: 23    XL:     9   Next: 14%
Magic:  11/12      EV: 10    Int:  8    God:    Okawaru [**....]
Gold:   586        SH:  6    Dex: 10    Spells: 8/8 levels left

rFire   + + .        o - +5 hand axe "Orb Guardian's Doom" {freeze, Fly}
rCold   . . .        c - +0 buckler
rNeg    . . .        K - +0 chain mail {rF+}
rPois   +            (no helmet)
rElec   .            j - +0 cloak "Bozyruopn" {+Inv Will+ rCorr}
rCorr   +            F - +0 pair of gloves
SInv    .            g - +1 pair of boots
Will    +....        (no amulet) Stlth
                     v - ring of protection from fire
HPRegen 0.33/turn    G - ring of poison resistance
MPRegen 0.13/turn

%: no passive effects
@: heroic, flying
A: no striking features
a: Renounce Religion, Evoke Invisibility, Heroism


You were on level 8 of the Dungeon.
You worshipped Okawaru.
Okawaru was pleased with you.
You visited 2 branches of the dungeon, and saw 9 of its levels.
You also visited: Ossuary.

You collected 586 gold pieces.

Inventory:

Hand Weapons
 a - a +1 war axe
 o - the +5 hand axe "Orb Guardian's Doom" (weapon) {freeze, Fly}
   (You found it on level 2 of the Dungeon)

   Fly:       It grants you flight.
Missiles
 p - 88 stones (quivered)
 s - 11 boomerangs
Armour
 c - a +0 buckler (worn)
 g - a +1 pair of boots (worn)
 j - the +0 cloak "Bozyruopn" (worn) {+Inv Will+ rCorr}
   (You acquired it on level 4 of the Dungeon)

   +Inv:      It lets you turn invisible.
   rCorr:     It protects you from acid and corrosion.
   Will:      It increases your willpower.
 F - a +0 pair of gloves (worn)
 K - a +0 chain mail of fire resistance (worn)
Jewellery
 v - a ring of protection from fire (left hand)
 G - a ring of poison resistance (right hand)
Wands
 r - a wand of paralysis (8)
 w - a wand of iceblast (6)
 I - a wand of flame (24)
Scrolls
 f - a scroll of fog
 h - 3 scrolls of noise
 k - 5 scrolls of immolation
 m - a scroll of poison
 n - a scroll of blinking
 q - 5 scrolls of enchant weapon
 y - 3 scrolls of teleportation
 z - a scroll of butterflies
 C - 2 scrolls of enchant armour
 D - a scroll of torment {unknown}
 H - a scroll of silence {unknown}
Potions
 b - a potion of resistance {unknown}
 d - a potion of might
 e - 11 potions of curing {unknown}
 i - 5 potions of haste {unknown}
 l - 3 potions of degeneration {unknown}
 t - a potion of invisibility {unknown}
 u - 3 potions of mutation {unknown}
 x - 5 potions of heal wounds {unknown}
 A - a potion of lignification {unknown}
 B - 3 potions of berserk rage {unknown}
 E - 3 potions of magic {unknown}
 J - a potion of brilliance {unknown}


   Skills:
 + Level 7.4(12.4) Fighting
 + Level 7.6(12.6) Axes
 + Level 6.7(11.7) Armour
 - Level 5.3(10.3) Shields
 + Level 4.8 Invocations
 + Level 3.5 Evocations


You had 8 spell levels left.
You didn't know any spells.
Your spell library contained the following spells:

 Spells                   Type           Power      Damage    Failure   Level
 Kiss of Death            Conj/Necr      0%         2d5       91%         1
 Magic Dart               Conj           0%         1d3       91%         1
 Necrotise                Necr           0%         1d4       91%         1
 Sandblast                Erth           0%         2d4       91%         1
 Passwall                 Tmut/Erth      0%         N/A       97%         2
 Confusing Touch          Hex            0%         N/A       99%         3
 Mephitic Cloud           Conj/Pois/Air  0%         N/A       99%         3
 Stone Arrow              Conj/Erth      0%         3d7       99%         3
 Vampiric Draining        Necr           0%         2d6       99%         3
 Dispel Undead            Necr           0%         3d6       100%        4
 Agony                    Necr           0%         N/A       100%        5
 Call Imp                 Summ           Unusable   N/A       N/A         2

Dungeon Overview and Level Annotations

Branches:
Dungeon (8/15)             Temple (1/1) D:4         Ossuary (visited)
   Lair: D:8-11

Altars:
Ashenzari
Dithmenos
Elyvilon
Fedhas
Gozag
Hepliaklqana
Kikubaaqudgha
Makhleb
Nemelex Xobeh
Okawaru
Qazlal
Ru
Sif Muna
Trog
Wu Jian
Xom
Yredelemnul
Zin
The Shining One
Beogh

Annotations:
D:4 2 transporters, NimIero's ghost, amateur FoEE
D:5 3 runed translucent doors, Drakonis1988's ghost, novice MiBe


Message History

You hit the two-headed ogre. You freeze the two-headed ogre.
The two-headed ogre is moderately wounded.
You hit the two-headed ogre. You freeze the two-headed ogre.
The two-headed ogre is heavily wounded.
The two-headed ogre barely misses you.
The two-headed ogre hits you with a +0 giant club!
You completely miss the two-headed ogre.
The two-headed ogre is heavily wounded.
You hit the two-headed ogre. You freeze the two-headed ogre.
The two-headed ogre is heavily wounded.
The two-headed ogre hits you with a +0 giant spiked club.
You block the two-headed ogre's attack.
You slash the two-headed ogre! You freeze the two-headed ogre.
The two-headed ogre is severely wounded.
You hit the sky beast. You freeze the sky beast.
The sky beast closely misses you.
You barely miss the two-headed ogre.
The two-headed ogre is severely wounded.
You hit the sky beast. You freeze the sky beast.
You block the two-headed ogre's attack. The two-headed ogre closely misses you.
You hit the two-headed ogre. You freeze the two-headed ogre.
The two-headed ogre is severely wounded.
You slash the sky beast! You freeze the sky beast.
The sky beast flickers out of sight!
Deactivating autopickup; reactivate with Ctrl-A.
Something hits you but does no damage.
You barely miss the two-headed ogre.
The two-headed ogre is severely wounded.
You barely miss something. Something hits you but does no damage.
The two-headed ogre hits you with a +0 giant spiked club!
The two-headed ogre hits you with a +0 giant club!!
You are too injured to fight recklessly!
You hit the two-headed ogre. You freeze the two-headed ogre.
The two-headed ogre is almost dead.
You barely miss something.
You hit the two-headed ogre but do no damage.
The two-headed ogre is almost dead.
You hit something. You freeze something. Something hits you but does no damage.
The two-headed ogre hits you with a +0 giant spiked club!!
You die...

# ######
#####.#
......##.......
........O......
.....#{@....#
.......<....#
.....#...##.#
.... #...# ..
... ...## . #.
.#.## . ###. ..
.#


You could see a two-headed ogre.

Vanquished Creatures
  Grinder (D:6)
  A water moccasin (D:6)
  A black bear (D:4)
  An ice beast (D:5)
  2 ogres
  2 phantoms
  A kobold brigand (D:6)
  A bullfrog (D:7)
  2 howler monkeys (D:7)
  4 jellies
  5 hounds
  Crazy Yiuf (D:3)
  An iguana (D:6)
  2 sleepcaps
  Natasha (thrice) (D:3)
  8 mummies (Ossuary)
  3 gnolls (D:3)
  11 adders
  A shadow imp (D:5)
  4 white imps
  5 ufetubi
  A worm (D:3)
  3 dart slugs
  20 orcs
  7 ball pythons
  4 bats
  4 endoplasms
  3 giant cockroaches
  5 goblins
  5 hobgoblins
  2 jackals (D:2)
  10 kobolds
  4 quokkas
  4 frilled lizards
  2 gnoll zombies (Ossuary)
  A hobgoblin zombie (Ossuary)
  2 kobold zombies (Ossuary)
  3 orc zombies (Ossuary)
  4 rats
144 creatures vanquished.

Vanquished Creatures (others)
  3 fungi (D:3)
  9 plants
12 creatures vanquished.

Grand Total: 156 creatures vanquished

Notes
Turn   | Place    | Note
-------+----------+-------------------------------------------
     0 | D:1      | Metae the Hill Orc Fighter began the quest for the Orb.
     0 | D:1      | Reached XP level 1. HP: 19/19 MP: 1/1
   276 | D:1      | Reached XP level 2. HP: 27/27 MP: 2/2
   707 | D:2      | Reached XP level 3. HP: 33/33 MP: 3/3
   757 | D:2      | Identified the +5 hand axe "Orb Guardian's Doom" {freeze,
                  | Fly}
  1547 | D:3      | Reached XP level 4. HP: 40/40 MP: 4/4
  1981 | D:3      | Noticed Natasha
  1988 | D:3      | Killed Natasha
  1989 | D:3      | Reached XP level 5. HP: 47/47 MP: 5/5
  2107 | D:3      | Noticed Natasha
  2112 | D:3      | Killed Natasha
  2121 | D:3      | Noticed Natasha
  2130 | D:3      | Killed Natasha
  2739 | D:3      | Found a runed translucent door.
  2740 | D:3      | Noticed Crazy Yiuf
  2748 | D:3      | Killed Crazy Yiuf
  2749 | D:3      | Reached skill level 5 in Fighting
  2749 | D:3      | Reached XP level 6. HP: 36/56 MP: 6/6
  2893 | D:4      | Noticed a black bear
  2903 | D:4      | Killed a black bear
  2904 | D:4      | Reached skill level 5 in Axes
  2966 | D:4      | Found a transporter.
  2972 | D:4      | Noticed NimIero's ghost (amateur FoEE)
  3091 | D:4      | Found a sand-covered staircase.
  3095 | Ossuary  | Entered an ossuary
  3273 | Ossuary  | Reached skill level 5 in Armour
  3273 | Ossuary  | Reached skill level 5 in Shields
  3300 | Ossuary  | Reached XP level 7. HP: 47/61 MP: 7/7
  3537 | D:4      | Found a broken altar of Ashenzari.
  3615 | D:4      | Found a stormy altar of Qazlal.
  3880 | D:4      | Found a staircase to the Ecumenical Temple.
  3891 | Temple   | Entered the Ecumenical Temple
  4032 | Temple   | Became a worshipper of Warmaster Okawaru
  4443 | D:4      | Found a transporter.
  4508 | D:4      | Identified a scroll of acquirement
  4508 | D:4      | Acquired the +0 cloak "Bozyruopn" {+Inv Will+ rCorr}
  4532 | D:5      | Entered Level 5 of the Dungeon
  4537 | D:5      | Reached skill level 1 in Invocations
  4592 | D:5      | Reached skill level 1 in Evocations
  5246 | D:5      | Reached XP level 8. HP: 62/70 MP: 9/9
  5333 | D:5      | Found a faded altar of an unknown god.
  5333 | D:5      | Found a faded altar of an unknown god.
  5335 | D:5      | Found a hazy altar of Hepliaklqana.
  5523 | D:5      | Found a runed translucent gate.
  5523 | D:5      | Noticed Drakonis1988's ghost (novice MiBe)
  5523 | D:5      | Identified the +2 spear "Direuv" {flame, Fly rElec Will-
                  | MP+9}
  5524 | D:5      | Found a runed translucent gate.
  5526 | D:5      | Found a runed translucent gate.
  5680 | D:5      | Reached * piety under Okawaru
  5817 | D:5      | Found a roughly hewn altar of Beogh.
  6055 | D:6      | Noticed Grinder
  6061 | D:6      | Found a shimmering altar of Xom.
  6078 | D:6      | Killed Grinder
  7005 | D:7      | Reached ** piety under Okawaru
  7006 | D:7      | Reached XP level 9. HP: 79/79 MP: 12/12
  7602 | D:7      | Found a white marble altar of Elyvilon.
  7731 | D:8      | Noticed a two-headed ogre
  7744 | D:8      | Slain by a two-headed ogre

Illustrated notes

Levels and vault maps discovered:
D:1:      dpeg_arrival_arbitrary_b, layout_basic, lexackson_kobold_supper
D:2:      layout_basic, hangedman_decor_push
D:3:      layout_loops_corners, hex_tiny, dk_noncrumbling_3, uniq_natasha,
          uniq_crazy_yiuf_cottage
D:4:      layout_gridville, nicolae_qazlal_eye_of_the_storm,
          ashenzari_conservatory_becter, minmay_temple_entry_antechambers,
          gammafunk_ghost_smash, enter_ossuary_5
D:5:      layout_basic, nicolae_hepliaklqana_ecumenical_no_more,
          biasface_ghost_orc_armoury
D:6:      layout_rooms, brannock_xom_greatest_gift, serial_co_window_serial,
          co_window_corner_a, co_window_paths_a, co_window_corner_a,
          co_window_of_opportunity_a, co_window_of_opportunity_a,
          co_window_of_opportunity_a, co_window_broadway_c, co_window_cross_2,
          co_window_cross_2, glass_columns_a, glass_columns_b, glass_columns_a,
          glass_columns_c, glass_columns_b, uniq_grinder
D:7:      layout_basic, lemuel_coloured_pillars_altar, minmay_holes
D:8:      layout_cave_pools, erik_lair_orcish_takeover, minmay_small_thing,
          uniq_amaemon, uniq_grum
Temple:   nicolae_temple_superstar

Skill      XL: |  1  2  3  4  5  6  7  8 |
---------------+-------------------------+-----
Axes           | 3 4 5 6 7 |  7.6
Fighting       | 4 5 6 7 |  7.4
Armour         | 4 5 6 |  6.7
Shields        | 4 5 |  5.3
Invocations    | 2 4 |  4.8
Evocations     | 1 3 |  3.5

Action                     |  1- 3 |  4- 6 |  7- 9 || total
---------------------------+-------+-------+-------++-------
  Melee: War axe           |    46 |       |       ||    46
         Hand axe          |    33 |   125 |   229 ||   387
 Invoke: Heroism           |       |       |     1 ||     1
    Use: Scroll            |       |       |    10 ||    10
 Armour: Scale mail        |    41 |    40 |    82 ||   163
         Chain mail        |       |       |    11 ||    11
  Dodge: Dodged            |    27 |    51 |    73 ||   151
  Block: Buckler           |    13 |    25 |    50 ||    88
